 Dungeon Crawl Stone Soup version 0.30-a0-802-gb92711bcdf (webtiles) character file.

Game seed: 12574486593529913926

2520 jasper the Trooper (level 9, -8/91 (92) HPs)
             Began as an Ogre Fire Elementalist on Feb 24, 2023.
             Was a Follower of Ashenzari.
             Mangled by a wight
             ... wielding a +3 falchion
              (14 damage)
             ... on level 6 of the Dungeon.
             The game lasted 00:12:06 (6741 turns).

jasper the Trooper (Ogre Fire Elementalist)         Turns: 6741, Time: 00:12:06

HP:   -8/91 (92)    AC:  3    Str: 14    XL:     9   Next: 54%
MP:   3/18          EV:  9    Int: 20    God:    Ashenzari [*.....]
Gold: 249           SH:  0    Dex:  9    Spells: 9/20 levels left

rFire   . . .      SeeInvis .    m - staff of conjuration (curse) {Elem, Melee}
rCold   . . .      Faith    .    (no shield)
rNeg    . . .      Spirit   .    a - +0 robe of Ashenzari's Suspicion {Range, Alch} (curse)
rPois   .          Reflect  .    (helmet restricted)
rElec   .          Harm     .    (no cloak)
rCorr   .          Rampage  .    (gloves unavailable)
Will    .....                    (boots unavailable)
Stlth   +                        (no amulet)
HPRegen 0.35/turn                (no ring)
MPRegen 0.16/turn                (no ring)

@: lightly drained
A: large, unfitting armour, tough skin 1
a: Renounce Religion, Shatter the Chains


You were on level 6 of the Dungeon.
You worshipped Ashenzari.
Ashenzari was aware of your devotion.
You visited 1 branch of the dungeon, and saw 6 of its levels.

You collected 326 gold pieces.
You spent 77 gold pieces at shops.

Inventory:

Hand Weapons
 c - a +1 dagger
 e - a +0 spear
Missiles
 k - 36 stones
 l - 10 poisoned darts
Armour
 a - the cursed +0 robe of Ashenzari's Suspicion (worn) {Range, Alch}

   It has a curse which improves the following skills: Ranged Combat: Ranged
   Weapons and Throwing.
   Alchemy:   Poison Magic and Transmutations.
Magical Staves
 m - a cursed staff of conjuration (weapon) {Elem, Melee}
Jewellery
 j - a ring of positive energy
Wands
 i - a wand of paralysis (5)
 n - a wand of iceblast (5)
 r - a wand of quicksilver (9)
Scrolls
 f - a scroll of enchant armour
 h - 2 scrolls of fog
 o - a scroll of teleportation
 p - 2 scrolls of blinking
 q - 2 scrolls of vulnerability
Potions
 b - a potion of magic
 d - 2 potions of cancellation
 g - 2 potions of brilliance
 v - 3 potions of attraction


   Skills:
 + Level 6.5 Fighting
 - Level 5.6(6.4) Staves
 - Level 1.7 Dodging
 - Level 1.4 Stealth
 - Level 6.1 Spellcasting
 - Level 4.8 Conjurations
 - Level 5.4(6.2) Fire Magic
 + Level 3.5(4.3) Poison Magic


You had 9 spell levels left.
You knew the following spells:

 Your Spells              Type           Power      Damage    Failure   Level
a - Foxfire               Conj/Fire      100%       2x1d9     1%          1
b - Scorch                Fire           62%        2d8       1%          2
c - Flame Wave            Conj/Fire      42%        2d11      11%         4
d - Olgreb's Toxic Radia  Pois           23%        N/A       17%         4

Your spell library contained the following spells:

 Spells                   Type           Power      Damage    Failure   Level
 Sting                    Tmut/Pois      56%        1d5       4%          1
 Poisonous Vapours        Pois/Air       28%        N/A       6%          2
 Cigotuvi's Dreadful Rot  Necr/Pois/Air  24%        N/A       9%          2
 Inner Flame              Hex/Fire       18%        N/A       9%          3
 Dazzling Flash           Conj/Hex       46%        N/A       12%         3
 Kindle Blastsparks       Fire/Tloc/Air  28%        2d12      13%         3
 Iskenderun's Mystic Bla  Conj/Tloc      23%        2d6       36%         4
 Dispel Undead            Necr           6%         3d8       71%         4
 Starburst                Conj/Fire      21%        6d7       85%         6
 Silence                  Hex/Air        3%         N/A       95%         5
 Agony                    Necr           6%         N/A       96%         5
 Summon Forest            Summ/Tloc      3%         N/A       96%         5
 Summon Mana Viper        Hex/Summ       6%         N/A       96%         5
 Death Channel            Necr           3%         N/A       100%        6
 Summon Cactus Giant      Summ           3%         N/A       100%        6


Dungeon Overview and Level Annotations

Branches:
Dungeon (6/15)             Temple (0/1) D:4

Altars:
Ashenzari
Dithmenos

Shops:
D:4 ?   D:5 (


Innate Abilities, Weirdness & Mutations

You are too large for most types of armour.
You have tough skin. (AC +1)


Message History

You feel drained.
You take 6 damage, and have 41/87 hp.
You now have 12/18 mp.
You feel sick.
You are no longer poisoned.
The wight hits you from afar with a +3 spear of freezing!
You feel drained. The wight freezes you. The wight hits you with a +1 spear.
* * * LOW HITPOINT WARNING * * *
You see here a scorpion corpse.
You take 17 damage, and have 24/85 hp.
Casting: Flame Wave (dangerous; 11% risk of failure)
Confirm with . or Enter, or press ? or * to list all spells.
Casting: Flame Wave (dangerous; 11% risk of failure)
Press: ? - help, Dir - look around, f - activate You feel a surge of power!
A wave of flame ripples out!
The flame wave engulfs the wight!
You destroy the wight! (Press . to intensify the flame waves.)
The wight hits you from afar with a +3 spear of freezing!
* * * LOW HITPOINT WARNING * * *
The wight freezes you.
* * * LOW HITPOINT WARNING * * *
You take 19 damage, and have 5/89 hp.
MASSIVE DAMAGE!!
You now have 9/18 mp.
A wave of flame ripples out!
The flame wave engulfs the wight.
You destroy the wight!
You now have 8/18 mp.
A wave of flame ripples out!
The flame wave engulfs the wight.
The wight is lightly damaged.
You finish channelling waves of flame.
You now have 7/18 mp.
Okay, then.
Casting: Flame Wave (dangerous; 11% risk of failure)
Confirm with . or Enter, or press ? or * to list all spells.
Casting: Flame Wave (dangerous; 11% risk of failure)
Press: ? - help, Dir - look around, f - activate You feel a surge of power!
A wave of flame ripples out!
The flame wave engulfs the wight.
The wight is heavily damaged. (Press . to intensify the flame waves.)
The wight hits you with a +3 falchion!
You die...

.###..#.###.### #
#..#.# #.#
...[.###.###
#..........#
##.#####.#.# #.#
#.#.## #.# #.†..# ##
##.#######..#
....###...)z@.....#
#.......########.#
##.###).###### #.#
#..##...###.######.#
#z.................#
#.###...############
#z# ##### #)# #)#


You could see a wight.

Vanquished Creatures
  Pikel (D:5)
  Menkaure (D:5)
  Duvessa (D:5)
  A water moccasin (D:5)
  An ice beast (D:4)
  3 ogres
  2 phantoms (D:5)
  2 lemures (D:5)
  Blork the orc (D:4)
  A necrophage (D:6)
  A bullfrog (D:5)
  2 gnoll sergeants
  2 scorpions
  Dowan (D:5)
  4 wights (D:6)
  A jelly (D:5)
  3 orc priests
  4 hounds
  An iguana (D:4)
  An orc wizard (D:2)
  8 gnolls
  9 adders
  2 ufetubi (D:5)
  2 dart slugs
  2 worms
  11 orcs
  5 ball pythons
  5 bats
  12 endoplasms
  3 giant cockroaches
  11 goblins
  4 hobgoblins
  6 kobolds
  2 quokkas
  6 frilled lizards
  2 rats (D:1)
124 creatures vanquished.

Vanquished Creatures (others)
  348 foxfires
  2 plants (D:3)
350 creatures vanquished.

Grand Total: 474 creatures vanquished

Notes
Turn   | Place    | Note
-------+----------+-------------------------------------------
     0 | D:1      | jasper the Ogre Fire Elementalist began the quest for the
                  | Orb.
     0 | D:1      | Reached XP level 1. HP: 16/16 MP: 3/3
    38 | D:1      | Reached skill level 1 in Conjurations
    94 | D:1      | Reached XP level 2. HP: 24/24 MP: 1/5
   454 | D:1      | Learned a level 2 spell: Scorch
   684 | D:1      | Reached XP level 3. HP: 31/31 MP: 4/7
  1334 | D:2      | Reached XP level 4. HP: 39/39 MP: 2/9
  1829 | D:2      | Found a faded altar of an unknown god.
  2593 | D:3      | Reached XP level 5. HP: 45/45 MP: 4/10
  2775 | D:3      | Learned a level 4 spell: Flame Wave
  2941 | D:3      | Found a broken altar of Ashenzari.
  2955 | D:3      | Became a worshipper of Ashenzari the Shackled
  2956 | D:3      | Identified a scroll of acquirement
  2970 | D:3      | Acquired a staff of conjuration
  3555 | D:4      | Reached XP level 6. HP: 45/54 MP: 2/12
  3767 | D:4      | Reached skill level 1 in Fighting
  3767 | D:4      | Reached skill level 1 in Staves
  3833 | D:4      | Found Nyzuarav's Magic Scroll Emporium.
  3836 | D:4      | Bought a scroll of fog for 44 gold pieces
  3836 | D:4      | Bought a scroll of teleportation for 33 gold pieces
  3964 | D:4      | Learned a level 4 spell: Olgreb's Toxic Radiance
  4041 | D:4      | Noticed an ice beast
  4046 | D:4      | Killed an ice beast
  4047 | D:4      | Reached XP level 7. HP: 63/63 MP: 7/13
  4093 | D:4      | Noticed Blork the orc
  4098 | D:4      | Killed Blork the orc
  4099 | D:4      | Reached skill level 1 in Poison Magic
  4281 | D:4      | Found a staircase to the Ecumenical Temple.
  4679 | D:5      | Entered Level 5 of the Dungeon
  4796 | D:5      | Reached skill level 5 in Spellcasting
  4834 | D:5      | Noticed Duvessa
  4834 | D:5      | Noticed Dowan
  4844 | D:5      | Killed Dowan
  4885 | D:5      | Killed Duvessa
  4886 | D:5      | Reached XP level 8. HP: 16/75 MP: 1/15
  4914 | D:5      | Identified the cursed +0 robe of Ashenzari's Suspicion
                  | {Range, Alch}
  5129 | D:5      | Noticed Menkaure
  5133 | D:5      | Killed Menkaure
  5167 | D:5      | Found Toqaq's Weapon Shop.
  5193 | D:5      | Reached * piety under Ashenzari
  5203 | D:5      | Noticed Pikel
  5751 | D:5      | Reached skill level 5 in Fire Magic
  5930 | D:5      | Killed Pikel
  5931 | D:5      | Reached skill level 5 in Staves
  5931 | D:5      | Reached XP level 9. HP: 13/87 MP: 0/18
  6221 | D:5      | Reached skill level 5 in Fighting
  6285 | D:5      | Found a shadowy altar of Dithmenos.
  6741 | D:6      | Mangled by a wight

Illustrated notes

Levels and vault maps discovered:
D:1:      mainiacjoe_arrival_reflecting_pool, layout_basic
D:2:      layout_loops_ring, chequers_ecumenical_altar_grove, bh_walls_and_bars
D:3:      minmay_inner_zag, layout_basic, mainiacjoe_overflow_alcove_4
D:4:      layout_cave_pools, minmay_temple_entry_statues_pillars, serial_shops,
          kennysheep_mini_moat, lightli_minifort, uniq_blork_the_orc
D:5:      layout_basic, lemuel_doored_altar, serial_shops, shop_statue,
          uniq_menkaure, uniq_duvessa, uniq_pikel
D:6:      layout_loops_ring, portal_sewer_entry_f, minivault_23

Skill      XL: |  1  2  3  4  5  6  7  8  9 |
---------------+----------------------------+-----
Conjurations   | 1 2 3 4 |  4.8
Fire Magic     | 3 4 5 |  5.4
Spellcasting   | 3 4 5 6 |  6.1
Fighting       | 1 3 4 6 |  6.5
Staves         | 2 3 5 |  5.6
Poison Magic   | 1 2 3 |  3.5
Dodging        | |  1.7
Stealth        | |  1.4

Action                     |  1- 3 |  4- 6 |  7- 9 || total
---------------------------+-------+-------+-------++-------
  Melee: Unarmed           |     1 |       |     9 ||    10
         Spear             |       |    12 |       ||    12
         Staff             |       |     4 |    14 ||    18
         Punch             |       |       |     1 ||     1
   Cast: Foxfire           |    58 |    91 |    64 ||   213
         Scorch            |     1 |    19 |    59 ||    79
         Flame Wave        |       |       |     4 ||     4
         Olgreb's Toxic Ra |       |       |     1 ||     1
 Invoke: Curse Item        |       |     1 |     1 ||     2
  Evoke: Wand              |       |       |     3 ||     3
    Use: Scroll            |       |     8 |     6 ||    14
         Potion            |       |       |     4 ||     4
 Armour: Robe              |     3 |     3 |     9 ||    15
         Skin              |       |       |     8 ||     8
  Dodge: Dodged            |     5 |    17 |    55 ||    77

Table legend: (Time is in decaauts)
 A = Elapsed time spent in this place.
 B = Non-inter-level travel time spent in this place.
 C = Inter-level travel time spent in this place.
 D = Time resting spent in this place.
 E = Time spent auto-exploring this place.
 F = Levels seen in this place.
 G = Mean time per level.
                   A        B        C        D        E       F      G
               +--------+--------+--------+--------+--------+-----+--------+
         Total |   6738 |   6631 |    107 |    307 |   5513 |   6 | 1123.0 |
       Dungeon |   6738 |   6631 |    107 |    307 |   5513 |   6 | 1123.0 |
               +--------+--------+--------+--------+--------+-----+--------+

Top non-repeatable levels by time:
     D:5: 1919 daAuts
     D:3: 1219 daAuts
     D:2: 1169 daAuts
     D:4: 1153 daAuts
     D:1: 1136 daAuts
     D:6: 140 daAuts
